Unix NetHack Version 5.0.0-0 post-release - last build Jul 19 2026 19:10:59 (3aa4ab31751d3886436d94b585a96704892fd477,branch:main).

Game began 2026-07-21 01:44:16, ended 2026-07-21 02:23:31.

HumaRuntu, lawful female human Valkyrie

                        ----------
                        |........|                                     -------
    -------             |.`...{..|#     ##########                     |.....|
    |)%d%@-##           --------.-#######       -.-----------         #-.....|
    |+[.m@| #                   ####            |...........|  ########|...<.|
    |)!!..| #                   #  #            |............###       |.....|
    |?!.*.| #                   ## #           #............|          |.....|
    |!%[..| #               ########0        ###|...........|          |.....|
    |%.%*)| #               #       #        ###............|          -------
    ------- ###     #######)#      ### #     ## -------------
              # ----.-----------   #-.-.-  ####
              ##-..............|####|...| #0#
                |..............|#   |...|   #
                |......>........#   |....####
                ----------------    |...|
                                    -----

HumaRuntu the Skirmisher    St:18/02 Dx:12 Co:16 In:7 Wi:7 Ch:10  Lawful
Dlvl:6  $:128 HP:0(38) Pw:10(10) AC:0  Xp:4 T:2810  Burdened

Latest messages:
 You see here a yellowish brown gem (for sale, 1333 zorkmids).
 The little dog picks up an effervescent potion.
 What do you want to drop? [$a-egi-km-os-yA-JL or ?*]
 You drop a two-handed sword.
 Matagami offers 25 gold pieces for your two-handed sword.  Sell it? [ynaq] (n)
 You sold a two-handed sword for 25 gold pieces.
 The little dog drops an effervescent potion.
 What do you want to drop? [$a-egi-km-ot-yA-JL or ?*]
 You drop an oval amulet (unpaid, 267 zorkmids).
 You see here an oval amulet (for sale, 267 zorkmids).
 The little dog picks up a food ration.
 The little dog drops a food ration.
 The little dog picks up a white gem.
 The little dog drops a white gem.
 The little dog picks up a white gem.
 That strange object is a giant mimic!
 The little dog drops a white gem.
 The giant mimic hits!
 The giant mimic hits again!
 You cannot escape from the giant mimic!
 You hit the giant mimic!
 The giant mimic hits!
 The giant mimic misses!
 What do you want to drink? [ov-yJ or ?*]
 Never mind.
 What do you want to write with? [- abD or ?*]
 You write in the dust with your fingertip.
 The little dog picks up a white gem.
 Are you waiting to get hit?  Use 'm' prefix to force a no-op (to rest).
 You cannot escape from the giant mimic!
 Are you waiting to get hit?  Use 'm' prefix to force a no-op (to rest).
 You cannot escape from the giant mimic!
 Are you waiting to get hit?  Use 'm' prefix to force a no-op (to rest).
 You cannot escape from the giant mimic!
 Are you waiting to get hit?  Use 'm' prefix to force a no-op (to rest).
 You cannot escape from the giant mimic!
 Are you waiting to get hit?  Use 'm' prefix to force a no-op (to rest).
 You cannot escape from the giant mimic!
 Are you waiting to get hit?  Use 'm' prefix to force a no-op (to rest).
 You cannot escape from the giant mimic!
 Are you waiting to get hit?  Use 'm' prefix to force a no-op (to rest).
 You cannot escape from the giant mimic!
 Are you waiting to get hit?  Use 'm' prefix to force a no-op (to rest).
 You cannot escape from the giant mimic!
 The giant mimic misses!
 The giant mimic hits!
 You die...
 Matagami gratefully inherits all your possessions.
 Do you want to see what you had when you died? [ynq] (y)
 Do you want to see your attributes? [ynq] (y)

Inventory:
 Coins    ('$')
  $ - 128 gold pieces
 Weapons  (')')
  b - a +0 dagger (alternate weapon; not wielded)
  a - a +2 spear (weapon in right hand)
 Armor    ('[')
  k - an uncursed +0 orcish helm (being worn)
  H - an uncursed +0 pair of iron shoes (being worn)
  c - an uncursed +3 small shield (being worn)
  t - an uncursed +0 alchemy smock with text "If you can't stand the heat, get out of Gehennom!"
  I - an uncursed +0 dwarvish cloak (being worn)
  e - an uncursed +0 ring mail (being worn)
 Comestibles  ('%')
  d - 3 uncursed food rations
  E - a blessed tin of candied floating eye meat
 Scrolls  ('?')
  u - an uncursed scroll of enchant armor
  n - an uncursed scroll of enchant weapon
  i - a blessed scroll of identify
  A - an uncursed scroll of light
  m - an uncursed scroll of remove curse
  g - an uncursed scroll of scare monster
  C - an uncursed scroll of scare monster
 Spellbooks  ('+')
  F - an uncursed spellbook of create monster
  B - an uncursed spellbook of magic missile
 Potions  ('!')
  o - an uncursed potion of blindness
  w - a blessed potion of booze
  x - 5 uncursed potions of healing
  v - 2 cursed potions of healing
  J - an uncursed potion of sleeping
  y - an uncursed potion of water
 Rings    ('=')
  D - an uncursed ring of invisibility
 Tools    ('(')
  j - a cursed oil lamp
  G - a tinning kit (0:57)

HumaRuntu the Valkyrie's attributes:

Background:
 You were a Skirmisher, a level 4 human Valkyrie.
 You were lawful, nominally on a mission for Tyr
 who was opposed by Odin (neutral) and Loki (chaotic).
 You were right-handed.
 You were in the Dungeons of Doom, on level 6.
 You entered the dungeon 2810 turns ago.
 It was nighttime.
 You had 134 experience points, 26 more were needed to attain level 5.

Basics:
 You had 0 out of 38 hit points.
 You had all 10 energy points (spell power).
 Your armor class was 0.
 Your wallet contained 128 zorkmids.
 Autopickup was on for '$?!/="+' plus thrown.

Final Characteristics:
 Your strength was 18/02 (limit:18/100).
 Your dexterity was 12 (limit:18).
 Your constitution was 16 (limit:18).
 Your intelligence was 7 (limit:18).
 Your wisdom was 7 (limit:18).
 Your charisma was 10 (limit:18).

Final Status:
 You were held by a giant mimic (southwest).
 You weren't hungry.
 You were burdened; movement was slightly slowed.
 You were wielding a spear.
 You had basic skill with spear.

Final Attributes:
 You were piously aligned.
 Your items were somewhat protected from fire.
 You were cold resistant.
 Your items were somewhat protected from cold.
 You were telepathic.
 You were stealthy.
 You were warded.
 Your spell casting was impaired by metallic armor.
 You are dead.

Miscellaneous:
 You didn't encounter any bones levels.
 Total elapsed playing time was 39 minutes and 13 seconds.

Major events:
 Turn
    1: HumaRuntu the lawful human Valkyrie entered the dungeon
 1040: attained the rank of Skirmisher (level 3)
 2810: killed by a giant mimic

Spells:
 Name                 Level Category     Fail Retention
 magic missile          2   attack       100%  76%-100%

Skills:
 Fighting Skills
   bare handed combat [Unskilled]
   two weapon combat  [Unskilled]
   riding             [Unskilled]
 Weapon Skills
   dagger             [Basic]
   axe                [Unskilled]
   pick-axe           [Unskilled]
   short sword        [Unskilled]
   broadsword         [Unskilled]
   long sword         [Unskilled]
   two-handed sword   [Unskilled]
   saber              [Unskilled]
   hammer             [Unskilled]
   quarterstaff       [Unskilled]
   polearms           [Unskilled]
   spear              [Basic]
   trident            [Unskilled]
   lance              [Unskilled]
   sling              [Unskilled]
 Spellcasting Skills
   attack spells      [Unskilled]
   escape spells      [Unskilled]

Voluntary challenges:
 Character rerolling was not enabled.
 You were an atheist.
 You never genocided any monsters.
 You never polymorphed an object.
 You never changed form.
 You used no wishes.
Achievements:
 You entered a shop.
 You attained the rank of Skirmisher.

 The Dungeons of Doom: levels 1 to 6
    Level 1:
    Level 2:
       A scroll shop, a fountain.
    Level 3:
       A sink.
    Level 4:
       A fountain, a grave.
    Level 5:
    Level 6: <- You were here.
       A general store, a fountain.
       Final resting place for
          you, killed by a giant mimic.


Vanquished creatures:
  a rock mole
  a gray ooze
  a dwarf
  a rothe
  a giant bat
  2 dwarf zombies
  a werejackal
 an acid blob
  a gas spore
  a hobbit
  a manes
  2 giant rats
  2 cave spiders
  a brown mold
  a garter snake
  4 geckos
  5 jackals
  a fox
  a kobold
  a goblin
  a sewer rat
  8 grid bugs
  3 bats
  3 lichens
  6 newts
51 creatures vanquished.

No species were genocided or became extinct.

Game over:
                       ----------
                      /          \
                     /    REST    \
                    /      IN      \
                   /     PEACE      \
                  /                  \
                  |    HumaRuntu     |
                  |       0 Au       |
                  |   killed by a    |
                  |   giant mimic    |
                  |                  |
                  |                  |
                  |       2026       |
                 *|     *  *  *      | *
        _________)/\\_//(\/(/\)/\//\/|_)_______

Farvel HumaRuntu the Valkyrie...

You died in The Dungeons of Doom on dungeon level 6 with 786 points,
and 0 pieces of gold, after 2810 moves.
You were level 4 with a maximum of 38 hit points when you died.

